| TOP OF THE 1ST |
|
Atlanta (MID) Braves batting - Pitching for Augusta GreenJackets : LHP Kevin Drew
|
|
Pitching: LHP Kevin Drew
|
|
|
Batting: LHB Eric Jackson
|
0-0: Ball 1-0: Called Strike 1-1: Ball 2-1: Swinging Strike 2-2: Ball 3-2: Base on Balls
|
|
Batting: RHB Chris Trites
|
0-0: Called Strike Eric Jackson is caught stealing 2nd base 2-4 0-1: DOUBLE (Line Drive, 78M, EV 107.5 MPH)
|
|
Batting: LHB Tamaichi Sasada
|
0-0: Ball 1-0: Foul Ball, location: 2F 1-1: Ball 2-1: Called Strike 2-2: Fly out, F7 (Flyball, 78S, EV 83.8 MPH)
|
|
Batting: RHB Costantino Dolfini
|
0-0: Ball 1-0: Ball 2-0: Foul Ball, location: 2F 2-1: Foul Ball, location: 2F 2-2: Ball 3-2: Base on Balls
|
|
Batting: SHB Brett McEwen
|
0-0: Called Strike 0-1: Ball 1-1: Ball 2-1: Fly out, F3 (Popup, 3S, EV 86.2 MPH)
|
| Top of the 1st over - 0 runs, 1 hit, 0 errors, 2 left on base; Atlanta (MID) 0 - Augusta 0 |
| BOTTOM OF THE 1ST |
|
Augusta GreenJackets batting - Pitching for Atlanta (MID) Braves : RHP Gabe Fillmore
|
|
Pitching: RHP Gabe Fillmore
|
|
|
Batting: SHB Zack Barton
|
0-0: Ground out U3 (Groundball, 3, EV 80.0 MPH)
|
|
Batting: RHB Armando Ramirez
|
0-0: Ball 1-0: Fly out, F9 (Flyball, 9D, EV 90.0 MPH)
|
|
Batting: LHB Oscar Tamayo
|
0-0: Called Strike 0-1: Ball 1-1: Called Strike 1-2: Strikes out swinging
|
| Bottom of the 1st over - 0 runs, 0 hits, 0 errors, 0 left on base; Atlanta (MID) 0 - Augusta 0 |
| TOP OF THE 2ND |
|
Atlanta (MID) Braves batting - Pitching for Augusta GreenJackets : LHP Kevin Drew
|
|
Batting: LHB Ricardo Sandoval
|
0-0: Called Strike 0-1: Called Strike 0-2: Foul Ball, location: 2F 0-2: Strikes out swinging
|
|
Batting: LHB Andres Aldape
|
0-0: Ball 1-0: Called Strike 1-1: Called Strike 1-2: Strikes out swinging
|
|
Batting: RHB Adonis Jenifer
|
0-0: Called Strike 0-1: Foul Ball, location: 2F 0-2: Ball 1-2: Strikes out swinging
|
| Top of the 2nd over - 0 runs, 0 hits, 0 errors, 0 left on base; Atlanta (MID) 0 - Augusta 0 |
| BOTTOM OF THE 2ND |
|
Augusta GreenJackets batting - Pitching for Atlanta (MID) Braves : RHP Gabe Fillmore
|
|
Batting: SHB Louie Horne
|
0-0: Swinging Strike 0-1: Ground out U3 (Groundball, 34, EV 82.5 MPH)
|
|
Batting: LHB Bruce Arvizu
|
0-0: Ball 1-0: Called Strike 1-1: Called Strike 1-2: Foul Ball, location: 2F 1-2: Ground out U3 (Groundball, 3, EV 81.9 MPH)
|
|
Batting: RHB Antonio Lara
|
0-0: Called Strike 0-1: Ball 1-1: Swinging Strike 1-2: Ball 2-2: Foul Ball, location: 2F 2-2: Strikes out swinging
|
| Bottom of the 2nd over - 0 runs, 0 hits, 0 errors, 0 left on base; Atlanta (MID) 0 - Augusta 0 |
| TOP OF THE 3RD |
|
Atlanta (MID) Braves batting - Pitching for Augusta GreenJackets : LHP Kevin Drew
|
|
Batting: RHB George Provance
|
0-0: Called Strike 0-1: Swinging Strike 0-2: Ball 1-2: Foul Ball, location: 2F 1-2: Strikes out swinging
|
|
Batting: LHB Eric Jackson
|
0-0: Ball 1-0: Ball 2-0: Called Strike 2-1: Swinging Strike 2-2: Ball 3-2: Base on Balls
|
|
Batting: RHB Chris Trites
|
0-0: Called Strike Eric Jackson steals 2nd base 0-1: Called Strike 0-2: Ground out 4-3 (Groundball, 4, EV 101.2 MPH) Eric Jackson to third
|
|
Batting: LHB Tamaichi Sasada
|
0-0: Ball 1-0: Ball 2-0: Foul Ball, location: 2F 2-1: Swinging Strike 2-2: Ball 3-2: Strikes out looking
|
| Top of the 3rd over - 0 runs, 0 hits, 0 errors, 1 left on base; Atlanta (MID) 0 - Augusta 0 |
| BOTTOM OF THE 3RD |
|
Augusta GreenJackets batting - Pitching for Atlanta (MID) Braves : RHP Gabe Fillmore
|
|
Batting: LHB Gil Caraveo
|
0-0: Bunt for hit to 13S - play at first, batter OUT! 1-3
|
|
Batting: RHB Jake Shelton
|
0-0: Foul Ball, location: 2F 0-1: Foul Ball, location: 2F 0-2: Ball 1-2: Ball 2-2: Strikes out swinging
|
|
Batting: RHB Ruben Irizarry
|
0-0: Ball 1-0: Ball 2-0: Swinging Strike 2-1: Called Strike 2-2: Foul Ball, location: 2F 2-2: Foul Ball, location: 2F 2-2: Ground out 6-3 (Groundball, 6, EV 86.9 MPH)
|
| Bottom of the 3rd over - 0 runs, 0 hits, 0 errors, 0 left on base; Atlanta (MID) 0 - Augusta 0 |
| TOP OF THE 4TH |
|
Atlanta (MID) Braves batting - Pitching for Augusta GreenJackets : LHP Kevin Drew
|
|
Batting: RHB Costantino Dolfini
|
0-0: Ball 1-0: Foul Ball, location: 2F 1-1: SINGLE (Groundball, 6M, EV 101.9 MPH) (infield hit)
|
|
Batting: SHB Brett McEwen
|
0-0: Ball 1-0: Ball Costantino Dolfini steals 2nd base 2-0: Foul Ball, location: 2F 2-1: Fly out, F9 (Flyball, 89S, EV 81.2 MPH)
|
|
Batting: LHB Ricardo Sandoval
|
0-0: Foul Ball, location: 2F 0-1: Swinging Strike 0-2: Strikes out swinging
|
|
Batting: LHB Andres Aldape
|
0-0: Ground out U3 (Groundball, 3, EV 93.1 MPH)
|
| Top of the 4th over - 0 runs, 1 hit, 0 errors, 1 left on base; Atlanta (MID) 0 - Augusta 0 |
| BOTTOM OF THE 4TH |
|
Augusta GreenJackets batting - Pitching for Atlanta (MID) Braves : RHP Gabe Fillmore
|
|
Batting: SHB Zack Barton
|
0-0: Foul Ball, location: 2F 0-1: Ball 1-1: Ball 2-1: SINGLE (Line Drive, 56, EV 96.9 MPH)
|
|
Batting: RHB Armando Ramirez
|
0-0: Ball 1-0: Called Strike 1-1: Swinging Strike 1-2: Strikes out looking
|
|
Batting: LHB Oscar Tamayo
|
0-0: Called Strike 0-1: Fielders Choice at 2nd, 1-6 (Groundball, 13S, EV 65.0 MPH)
|
|
Batting: SHB Louie Horne
|
0-0: SINGLE (Groundball, 34D, EV 111.2 MPH) Oscar Tamayo to second Runner from 2nd tries for 3rd, OUT! 9-5
|
| Bottom of the 4th over - 0 runs, 2 hits, 0 errors, 1 left on base; Atlanta (MID) 0 - Augusta 0 |
| TOP OF THE 5TH |
|
Atlanta (MID) Braves batting - Pitching for Augusta GreenJackets : LHP Kevin Drew
|
|
Batting: RHB Adonis Jenifer
|
0-0: Ball 1-0: SINGLE (Line Drive, 9S, EV 106.9 MPH)
|
|
Batting: RHB George Provance
|
0-0: Called Strike 0-1: Foul Ball, location: 2F 0-2: Foul Ball, location: 2F 0-2: Fielders Choice at 2nd, 4-6 (Groundball, 34, EV 80.0 MPH)
|
|
Batting: LHB Eric Jackson
|
0-0: Called Strike 0-1: Fly out, F7 (Flyball, 7D, EV 87.5 MPH)
|
|
Batting: RHB Chris Trites
|
0-0: Ball George Provance steals 2nd, throwing error, E2 George Provance to third 1-0: Foul Ball, location: 2F 1-1: Ball 2-1: Ball 3-1: Base on Balls
|
|
Batting: LHB Tamaichi Sasada
|
0-0: Foul Ball, location: 2F 0-1: Swinging Strike 0-2: Ball Wild Pitch! George Provance scores Chris Trites to second 1-2: Strikes out swinging
|
| Top of the 5th over - 1 run, 1 hit, 1 error, 1 left on base; Atlanta (MID) 1 - Augusta 0 |
| BOTTOM OF THE 5TH |
|
Augusta GreenJackets batting - Pitching for Atlanta (MID) Braves : RHP Gabe Fillmore
|
|
Batting: LHB Bruce Arvizu
|
0-0: Ball 1-0: Called Strike 1-1: Fly out, F6 (Line Drive, 6, EV 66.9 MPH)
|
|
Batting: RHB Antonio Lara
|
0-0: SINGLE (Groundball, 6MD, EV 103.1 MPH)
|
|
Batting: LHB Gil Caraveo
|
0-0: Called Strike 0-1: Foul Ball, location: 2F 0-2: Foul Ball, location: 2F 0-2: SINGLE (Groundball, 34D, EV 106.9 MPH) (infield hit) Antonio Lara to second
|
|
Batting: RHB Jake Shelton
|
0-0: Ball 1-0: Ball 2-0: Foul Ball, location: 2F 2-1: Ball 3-1: Base on Balls Antonio Lara to third Gil Caraveo to second
|
|
Batting: RHB Ruben Irizarry
|
0-0: Ball 1-0: SINGLE (Line Drive, 6D, EV 95.0 MPH) Antonio Lara scores Gil Caraveo to third Jake Shelton to second
|
|
Batting: SHB Zack Barton
|
0-0: Ball 1-0: Fielders Choice at 2nd, 4-6 (Groundball, 34, EV 105.6 MPH) Gil Caraveo scores Jake Shelton to third
|
|
Batting: RHB Armando Ramirez
|
0-0: Ball 1-0: Called Strike 1-1: Called Strike 1-2: Ball 2-2: DOUBLE (Line Drive, 89M, EV 92.5 MPH) Jake Shelton scores Zack Barton to third Runner from 3rd tries for Home, SAFE, no throw by CF
|
|
Batting: LHB Oscar Tamayo
|
0-0: Swinging Strike 0-1: Ball 1-1: Fly out, F3 (Popup, 3F, EV 70.6 MPH)
|
| Bottom of the 5th over - 4 runs, 4 hits, 0 errors, 1 left on base; Atlanta (MID) 1 - Augusta 4 |
| TOP OF THE 6TH |
|
Atlanta (MID) Braves batting - Pitching for Augusta GreenJackets : LHP Kevin Drew
|
|
Batting: RHB Costantino Dolfini
|
0-0: Called Strike 0-1: Foul Ball, location: 2F 0-2: Ball 1-2: Strikes out swinging
|
|
Batting: SHB Brett McEwen
|
0-0: Called Strike 0-1: Ball 1-1: Ball 2-1: Ball 3-1: Called Strike 3-2: Ground out 5-3 (Groundball, 25, EV 86.9 MPH)
|
|
Batting: LHB Ricardo Sandoval
|
0-0: Fly out, F8 (Flyball, 8RS, EV 86.9 MPH)
|
| Top of the 6th over - 0 runs, 0 hits, 0 errors, 0 left on base; Atlanta (MID) 1 - Augusta 4 |
| BOTTOM OF THE 6TH |
|
Augusta GreenJackets batting - Pitching for Atlanta (MID) Braves : RHP Gabe Fillmore
|
|
Batting: SHB Louie Horne
|
0-0: Called Strike 0-1: Ground out 4-3 (Groundball, 4M, EV 88.8 MPH)
|
|
Batting: LHB Bruce Arvizu
|
0-0: Called Strike 0-1: Fly out, F7 (Flyball, 78S, EV 73.8 MPH)
|
|
Batting: RHB Antonio Lara
|
0-0: SINGLE (Groundball, 56D, EV 102.5 MPH)
|
|
Batting: LHB Gil Caraveo
|
0-0: Foul Ball, location: 2F 0-1: Fielders Choice at 2nd, 5-4 (Groundball, 5, EV 80.6 MPH)
|
| Bottom of the 6th over - 0 runs, 1 hit, 0 errors, 1 left on base; Atlanta (MID) 1 - Augusta 4 |
| TOP OF THE 7TH |
|
Atlanta (MID) Braves batting - Pitching for Augusta GreenJackets : LHP Kevin Drew
|
|
Batting: LHB Andres Aldape
|
0-0: Fly out, F8 (Line Drive, 8LM, EV 105.0 MPH)
|
|
Batting: RHB Adonis Jenifer
|
0-0: Called Strike 0-1: Ball 1-1: Foul Ball, location: 2F 1-2: Strikes out swinging
|
|
Batting: RHB George Provance
|
0-0: SINGLE (Groundball, 4S, EV 63.8 MPH) (infield hit)
|
|
Pitching: LHP Ricky Coats
|
|
|
Batting: LHB Eric Jackson
|
0-0: Ball 1-0: Fielders Choice at 2nd, 5-4 (Groundball, 56, EV 85.6 MPH)
|
| Top of the 7th over - 0 runs, 1 hit, 0 errors, 1 left on base; Atlanta (MID) 1 - Augusta 4 |
| BOTTOM OF THE 7TH |
|
Augusta GreenJackets batting - Pitching for Atlanta (MID) Braves : RHP Gabe Fillmore
|
|
Batting: RHB Jake Shelton
|
0-0: Called Strike 0-1: Called Strike 0-2: Strikes out swinging
|
|
Batting: RHB Ruben Irizarry
|
0-0: Called Strike 0-1: Ball 1-1: Ball 2-1: Fly out, F8 (Line Drive, 78D, EV 89.4 MPH)
|
|
Batting: SHB Zack Barton
|
0-0: Ground out U3 (Groundball, 34S, EV 84.4 MPH)
|
| Bottom of the 7th over - 0 runs, 0 hits, 0 errors, 0 left on base; Atlanta (MID) 1 - Augusta 4 |
| TOP OF THE 8TH |
|
Atlanta (MID) Braves batting - Pitching for Augusta GreenJackets : LHP Ricky Coats
|
|
Batting: RHB Chris Trites
|
0-0: Ball 1-0: Ball 2-0: Ball 3-0: Base on Balls
|
|
Batting: LHB Tamaichi Sasada
|
0-0: Foul Ball, location: 2F 0-1: Ball 1-1: Ball 2-1: Ball 3-1: SINGLE (Groundball, 34D, EV 102.5 MPH) Chris Trites to second Runner from 2nd tries for 3rd, SAFE, throw by RF made to third
|
|
Batting: RHB Costantino Dolfini
|
0-0: Ball 1-0: Fly out, F9 (Flyball, 8RD, EV 101.9 MPH) Runner from 3rd tags up, OUT at HOME! 9-2 Tamaichi Sasada to second
|
|
Batting: SHB Brett McEwen
|
0-0: Ground out 1-3 (Groundball, 34S, EV 63.8 MPH)
|
| Top of the 8th over - 0 runs, 1 hit, 0 errors, 1 left on base; Atlanta (MID) 1 - Augusta 4 |
| BOTTOM OF THE 8TH |
|
Augusta GreenJackets batting - Pitching for Atlanta (MID) Braves : RHP Gabe Fillmore
|
|
Batting: RHB Armando Ramirez
|
0-0: Ball 1-0: Ball 2-0: Ground out 6-3 (Groundball, 6, EV 86.9 MPH)
|
|
Batting: LHB Oscar Tamayo
|
0-0: Ball 1-0: Foul Ball, location: 2F 1-1: Swinging Strike 1-2: Foul Ball, location: 2F 1-2: TRIPLE (Groundball, 3L, EV 107.5 MPH)
|
|
Batting: SHB Louie Horne
|
0-0: Ball 1-0: Fly out, F9 (Line Drive, 9S, EV 92.5 MPH)
|
|
Batting: LHB Bruce Arvizu
|
0-0: Called Strike 0-1: Swinging Strike 0-2: Strikes out swinging
|
| Bottom of the 8th over - 0 runs, 1 hit, 0 errors, 1 left on base; Atlanta (MID) 1 - Augusta 4 |
| TOP OF THE 9TH |
|
Atlanta (MID) Braves batting - Pitching for Augusta GreenJackets : LHP Ricky Coats
|
|
Pitching: LHP Christian Rogers
|
|
|
Batting: LHB Ricardo Sandoval
|
0-0: Ball 1-0: Ball 2-0: SINGLE (Flyball, 7S, EV 95.0 MPH)
|
|
Pinch Hitting: RHB Josh McCormick
|
0-0: Ball 1-0: Swinging Strike 1-1: Ball 2-1: Fielders Choice at 2nd, 4-6 (Groundball, 4MD, EV 83.8 MPH)
|
|
Batting: RHB Adonis Jenifer
|
0-0: Ball 1-0: Ball 2-0: SINGLE (Groundball, 34D, EV 106.2 MPH) Josh McCormick to second
|
|
Batting: RHB George Provance
|
0-0: Ball 1-0: Swinging Strike 1-1: Foul Ball, location: 2F 1-2: Fly out, F8 (Flyball, 8RS, EV 81.2 MPH)
|
|
Batting: LHB Eric Jackson
|
0-0: Swinging Strike 0-1: Swinging Strike 0-2: Strikes out swinging
|
| Top of the 9th over - 0 runs, 2 hits, 0 errors, 2 left on base; Atlanta (MID) 1 - Augusta 4 |
|